 Dungeon Crawl Stone Soup version 0.21.1-1-g345015f (webtiles) character file.

158 Mirai the Chopper (level 5, -8/47 HPs)
             Began as a Hill Orc Fighter on Mar 4, 2018.
             Shot with an arrow by a centaur (11 damage)
             ... on level 3 of the Dungeon.
             The game lasted 00:04:04 (2022 turns).

Mirai the Chopper (Hill Orc Fighter)                Turns: 2022, Time: 00:04:05

Health: -8/47      AC: 10    Str: 25    XL:     5   Next: 40%
Magic:  5/5        EV:  7    Int:  8    God:
Gold:   76         SH: 10    Dex: 10    Spells: 4/4 levels left

rFire    . . .     SeeInvis .   a - +0 war axe
rCold    . . .     Gourm    +   c - +0 shield
rNeg     . . .     Faith    .   b - +0 scale mail
rPois    .         Spirit   .   q - +2 helmet
rElec    .         Reflect  .   (no cloak)
rCorr    .         Harm     .   (no gloves)
MR       .....                  (no boots)
Stlth    ..........             i - amulet of the gourmand
HPRegen  0.15/turn              (no ring)
MPRegen  0.09/turn              (no ring)

@: mighty
A: no striking features
a: Convert to Beogh


You were on level 3 of the Dungeon.
You were completely stuffed.

You visited 1 branch of the dungeon, and saw 3 of its levels.

You collected 76 gold pieces.

Inventory:

Hand Weapons
 a - a +0 war axe (weapon)
Armour
 b - a +0 scale mail (worn)
 c - a +0 shield (worn)
 m - a +0 robe
 p - a +0 ring mail
 q - a +2 helmet (worn)
Jewellery
 i - an amulet of the gourmand (around neck)
 s - an uncursed ring of fire
Scrolls
 e - a scroll of fog {unknown}
 g - 5 scrolls of identify {unknown}
 h - a scroll of noise {unknown}
 j - a scroll of enchant weapon {unknown}
 l - 4 scrolls of teleportation {unknown}
 n - 2 scrolls of remove curse {unknown}
 r - 3 scrolls of amnesia {unknown}
 t - a scroll of enchant armour {unknown}
 u - a scroll of immolation {unknown}
Potions
 k - a potion of flight {unknown}
Comestibles
 f - 6 rations
 o - 2 chunks of flesh


   Skills:
 + Level 4.4 Fighting
 + Level 4.7 Axes
 + Level 4.0 Armour
 + Level 4.5 Shields


You had 4 spell levels left.
You didn't know any spells.

Dungeon Overview and Level Annotations

Branches:
Dungeon (3/15)

Altars:
Elyvilon


Message History

an arrow; a leopard gecko corpse The centaur shoots an arrow.
The arrow hits you.
* * * LOW HITPOINT WARNING * * *
You see here an arrow.
Unknown command.
You feel very mighty all of a sudden.
The orc priest begins to cast a cantrip, but forgets the words!
The rat bites you but does no damage.
You hit the rat.
You kill the rat!
You slash the orc!
You kill the orc!
You barely miss the orc.
The orc priest looks encouraged for a moment.
The orc hits you but does no damage. You block the orc's attack.
The orc priest shouts, "Join the one true god or die!"
You slice the orc!!
You kill the orc!
You barely miss the orc.
The centaur shoots an arrow.
The arrow hits you!
You die...

...... ... ##+##.... ..#
.......... #.# #####
...#.......##.# ###...#
..#.........#.# #...P..
......)..#.#.# #.#...#
.##......##...######.#####
......$..)....##.....#
#.....o)@.#..##.....#####
#.....†(o.##.............
#.###.c$..##.............
+.....+..............
#.....###............
#.....# #............
#.##### #............ #.
#............ ##
#............


You could see a centaur, an orc priest and an orc.

Vanquished Creatures
  A gnoll (D:1)
  7 adders
  An ooze (D:1)
  3 worms (D:2)
  2 dart slugs
  3 leopard geckos
  3 orcs (D:3)
  8 bats
  3 giant cockroaches
  10 goblins
  4 hobgoblins
  5 jackals (D:1)
  5 kobolds
  A quokka (D:2)
  A ball python (D:1)
  3 frilled lizards (D:2)
  6 rats
66 creatures vanquished.

Notes
Turn   | Place    | Note
-------+----------+-------------------------------------------
     0 | D:1      | Mirai the Hill Orc Fighter began the quest for the Orb.
     0 | D:1      | Reached XP level 1. HP: 19/19 MP: 1/1
     2 | D:1      | Noticed a ghoul
     4 | D:1      | Noticed a demigod
     4 | D:1      | Noticed an ogre
     6 | D:1      | Noticed a draconian
     6 | D:1      | Noticed a felid
     8 | D:1      | Noticed a vampire
    10 | D:1      | Noticed a merfolk
    10 | D:1      | Noticed an elf
    12 | D:1      | Noticed a centaur
    12 | D:1      | Noticed a troll
    14 | D:1      | Noticed a tengu
    14 | D:1      | Noticed a formicid
    16 | D:1      | Noticed a halfling
    18 | D:1      | Noticed a human
    18 | D:1      | Noticed a minotaur
    20 | D:1      | Noticed an octopode
    22 | D:1      | Noticed a dwarf
    22 | D:1      | Noticed a vine stalker
    24 | D:1      | Noticed a demonspawn
    24 | D:1      | Noticed a gargoyle
    26 | D:1      | Noticed a spriggan
    26 | D:1      | Noticed a naga
   120 | D:1      | Reached XP level 2. HP: 26/27 MP: 2/2
   312 | D:1      | Reached XP level 3. HP: 32/33 MP: 3/3
   646 | D:2      | Reached XP level 4. HP: 12/40 MP: 4/4
  1704 | D:3      | Reached XP level 5. HP: 47/47 MP: 5/5
  1896 | D:3      | Found a white marble altar of Elyvilon.
  2017 | D:3      | Noticed a centaur
  2022 | D:3      | Shot with an arrow by a centaur

Skill      XL: |  1  2  3  4  5 |
---------------+----------------+-----
Axes           | 3 4 |  4.7
Fighting       | 4 |  4.4
Shields        | 4 |  4.5
Armour         | 4 |  4.0

Action                   |  1- 3 |  4- 6 || total
-------------------------+-------+-------++-------
Melee: War axe           |    84 |   122 ||   206
  Use: Potion            |       |     1 ||     1
  Eat: Chunk             |    14 |     5 ||    19
Armor: Scale mail        |    67 |    66 ||   133
Dodge: Dodged            |    38 |    38 ||    76
Block: Shield            |    70 |    76 ||   146
